 Dungeon Crawl Stone Soup version 0.27-a0-1137-g3ef0f4ec91 (webtiles) character file.

Game seed: 1165991907231815646

64302 leviel the Protected (level 14, -9/129 HPs)
             Began as a Minotaur Fighter on May 7, 2021.
             Was a Priest of Jiyva.
             Mangled by a two-headed ogre
             ... wielding a +0 giant club
              (16 damage)
             ... while paralysed by an ogre mage
             ... on level 2 of the Orcish Mines.
             The game lasted 00:38:54 (24291 turns).

leviel the Protected (Minotaur Fighter)            Turns: 24291, Time: 00:38:54

Health: -9/129     AC: 27    Str: 29    XL:     14   Next: 71%
Magic:  15/15      EV:  2    Int:  9    God:    Jiyva [***...]
Gold:   1213       SH:  0    Dex: 16    Spells: 7/16 levels left

rFire    . . .     SeeInvis .   a - +10 rapier of Slow Death {elec, rN+ Int+3}
rCold    + . .     Faith    .   c - +3 kite shield
rNeg     + . .     Spirit   .   B - +6 plate armour "Ydebod" {rC+ Slay+4}
rPois    .         Reflect  .   (helmet restricted)
rElec    .         Harm     .   (no cloak)
rCorr    +         Rampage  .   t - +0 pair of gloves
Will     +....                  r - +2 pair of boots
Stlth    ..........             (no amulet)
HPRegen  0.31/turn              g - ring of Gupper {Wiz rCorr Str+4 Int+4}
MPRegen  0.14/turn              (no ring)

@: paralysed, studying Staves
A: horns 2, retaliatory headbutt, strong 1
a: Renounce Religion, Request Jelly


You were on level 2 of the Orcish Mines.
You worshipped Jiyva.
Jiyva was most pleased with you.
You visited 5 branches of the dungeon, and saw 26 of its levels.
You also visited: Gauntlet.

You collected 1213 gold pieces.

Inventory:

Hand Weapons
 a - the +10 rapier of Slow Death (weapon) {elec, rN+ Int+3}
   (You found it on level 7 of the Dungeon)

   Occasionally, upon striking a foe, it can discharge electrical energy and
   cause terrible harm.
   It affects your intelligence (+3).
   It protects you from negative energy.
 b - a +3 war axe of flaming
 d - a +1 triple crossbow of freezing
Missiles
 D - 5 curare-tipped darts
 K - 10 atropa-tipped darts
Armour
 c - a +3 kite shield (worn)
 r - a +2 pair of boots (worn)
 t - a +0 pair of gloves (worn)
 B - the +6 plate armour "Ydebod" (worn) {rC+ Slay+4}
   (You found it on level 7 of the Dungeon)

   It affects your accuracy and damage with ranged weapons and melee attacks
   (+4).
   It protects you from cold.
Jewellery
 g - the ring of Gupper (left hand) {Wiz rCorr Str+4 Int+4}
   (You found it in a Gauntlet)

   [ring of wizardry]

   It improves your spell success rate.
   It affects your strength (+4).
   It affects your intelligence (+4).
   It protects you from acid and corrosion.
Wands
 m - a wand of digging (16)
 q - a wand of polymorph (34)
 x - a wand of flame (48)
 E - a wand of acid (18)
 H - a wand of iceblast (30) (quivered)
Scrolls
 f - 3 scrolls of teleportation
 i - 8 scrolls of blinking
 o - a scroll of immolation
 u - 9 scrolls of magic mapping
 w - 5 scrolls of fear
 y - 9 scrolls of identify
 z - 3 scrolls of amnesia
 C - a scroll of holy word
 G - a scroll of silence
Potions
 h - 2 potions of curing
 j - 2 potions of resistance
 k - 2 potions of flight
 n - a potion of mutation
 p - 3 potions of brilliance
 s - 3 potions of cancellation
 L - a potion of heal wounds
Miscellaneous
 e - a phantom mirror


   Skills:
 + Level 13.3 Fighting
 - Level 14.0 Short Blades
 - Level 10.7 Axes
 + Level 14.6 Armour
 - Level 2.6 Dodging
 - Level 1.6 Stealth
 + Level 14.5 Shields
 + Level 1.7 Spellcasting
 + Level 2.1 Earth Magic


You had 7 spell levels left.
You knew the following spells:

 Your Spells              Type           Power      Damage    Failure   Level
a - Shatter               Erth           2%         3d6*      100%        9

Your spell library contained the following spells:

 Spells                   Type           Power      Damage    Failure   Level
 Animate Skeleton         Necr           0%         N/A       61%         1
 Apportation              Tloc           0%         N/A       61%         1
 Corona                   Hex            0%         N/A       61%         1
 Foxfire                  Conj/Fire      0%         2x1d4     61%         1
 Summon Small Mammal      Summ           0%         N/A       61%         1
 Call Imp                 Summ           0%         N/A       75%         2
 Ensorcelled Hibernation  Hex/Ice        0%         N/A       75%         2
 Slow                     Hex            0%         N/A       75%         2
 Stone Arrow              Conj/Erth      4%         3d7       82%         3
 Call Canine Familiar     Summ           0%         N/A       91%         3
 Confusing Touch          Hex            0%         N/A       91%         3
 Conjure Flame            Conj/Fire      0%         6-21      91%         3
 Dazzling Flash           Conj/Hex       0%         N/A       91%         3
 Ignite Poison            Fire/Tmut/Pois 0%         N/A       91%         3
 Inner Flame              Hex/Fire       0%         N/A       91%         3
 Lesser Beckoning         Tloc           0%         N/A       91%         3
 Portal Projectile        Hex/Tloc       0%         N/A       91%         3
 Summon Guardian Golem    Hex/Summ       0%         N/A       91%         3
 Tukima's Dance           Hex            0%         N/A       91%         3
 Leda's Liquefaction      Hex/Erth       1%         N/A       99%         4
 Cause Fear               Hex            0%         N/A       100%        4
 Sticky Flame             Conj/Fire      0%         2d3       100%        4
 Summon Ice Beast         Ice/Summ       0%         N/A       100%        4
 Summon Lightning Spire   Summ/Air       0%         N/A       100%        4
 Alistair's Intoxication  Tmut/Pois      0%         N/A       100%        5
 Excruciating Wounds      Necr           0%         N/A       100%        5
 Fireball                 Conj/Fire      0%         3d3       100%        5
 Invisibility             Hex            0%         N/A       100%        6
 Starburst                Conj/Fire      0%         8x6d3     100%        6
 Ignition                 Fire           0%         3d3       100%        8


Dungeon Overview and Level Annotations

Branches:
Dungeon (13/15)            Temple (1/1) D:5            Lair (5/6) D:8
 Shoals (0/4) Lair:2        Snake (0/4) Lair:4        Slime (5/5) Lair:5
    Orc (2/2) D:12         Vaults (0/5) D:13        Gauntlet (visited)
    Elf: Orc:2

Altars:
Ashenzari
Cheibriados
Dithmenos
Elyvilon
Fedhas
Gozag
Hepliaklqana
Kikubaaqudgha
Makhleb
Nemelex Xobeh
Okawaru
Qazlal
Ru
Sif Muna
Trog
Uskayaw
Vehumet
Wu Jian
Xom
Yredelemnul
Zin
The Shining One
Jiyva

Shops:
D:8 :   Orc:2 ?

Portals:
Trove: D:10 (show slimy rune of Zot)

Annotations:
Lair:5 exclusion: 2 oklob plants
Orc:1 Nergalle


Innate Abilities, Weirdness & Mutations

You have a pair of horns on your head.
You reflexively headbutt those who attack you in melee.
Your muscles are strong. (Str +2)


Message History

There are monsters nearby!
The jelly closely misses something.
You start resting.
A two-headed ogre is nearby!
Something hits you but does no damage.
The jelly hits something but does no damage.
You puncture the two-headed ogre!
The two-headed ogre is moderately wounded.
You hear some strange, mumbled words.
You suddenly lose the ability to move!
The jelly barely misses something.
The two-headed ogre hits you with a +0 giant club.
The two-headed ogre hits you with a +0 dire flail.
Something hits you!
The jelly completely misses something.
The jelly barely misses something.
The two-headed ogre hits you with a +0 giant club!
The two-headed ogre hits you with a +0 dire flail!
* * * LOW HITPOINT WARNING * * *
Something hits you.
* * * LOW HITPOINT WARNING * * *
The jelly hits something.
The acid corrodes something!
The jelly hits something.
Something seems to be corroded for longer.
The jelly barely misses something.
The two-headed ogre hits you but does no damage. x2
You hear some strange, mumbled words.
A bolt of magma appears from out of thin air!
The bolt of magma hits you!!
* * * LOW HITPOINT WARNING * * *
The jelly barely misses the two-headed ogre.
The cyclops hits the jelly!
The cyclops is burned by acid!
The jelly hits something.
Something seems to be corroded for longer.
The jelly hits something.
Something seems to be corroded for longer.
Something hits you but does no damage.
The jelly hits the cyclops but does no damage.
The jelly hits something.
The two-headed ogre hits you with a +0 giant club!
You die...

##.#####............##
#....#.##...##.......#
##...................#
#............#...#...#
##..#................#
#..................##
##................##
#............J..## ##....#
##........##.J@## ### .....#
#............J{O######.###.....
##.............J##......#...#..
##......#........C.....O###..#..
#.........................#.....
##.....................O......C..
#...................#.#.........O
##.#.................#....##.....
##.#.............................


You could see a two-headed ogre, a cyclops and 4 neutral jellies (fellow slime).

Vanquished Creatures
  A minotaur (Gauntlet)
  2 boulder beetles
  A rakshasa (D:13)
  Erolcha (Orc:2)
  2 hydras
  2 death knights
  An anaconda (Lair:4)
  13 two-headed ogres
  A fire crab (Gauntlet)
  A deep troll (Orc:2)
  A phantasmal warrior (D:11)
  A necromancer (D:13)
  A deep elf zephyrmancer (D:13)
  2 orc knights
  3 cyclopes
  An ugly thing (D:13)
  10 elephants
  A merfolk siren (Lair:2)
  A torpor snail (Lair:2)
  13 cane toads
  9 black mambas
  A gargoyle (D:12)
  A kobold demonologist (D:10)
  5 freezing wraiths
  3 komodo dragons
  5 rime drakes
  A polar bear (Lair:2)
  A hornet (Lair:4)
  3 merfolk (Lair:2)
  12 trolls
  A tyrant leech (shapeshifter) (D:13)
  2 raiju (Gauntlet)
  12 blink frogs
  4 shadows
  2 vampires
  2 wyverns
  Eustachio (D:5)
  50 yaks
  4 fire bats (Gauntlet)
  5 wraiths
  5 basilisks
  3 steam dragons
  13 vampire mosquitoes
  3 wargs (Orc:2)
  15 water moccasins
  4 acid dragons
  2 nagas (Lair:4)
  An ice beast (D:5)
  13 orc warriors
  A black bear (Lair:1)
  A necrophage (D:5)
  12 ogres
  9 wolves
  3 centaurs
  2 phantoms (D:5)
  14 kobold brigands
  13 bullfrogs
  2 gnoll sergeants
  2 scorpions
  A water moccasin zombie (D:6)
  3 troll zombies (D:12)
  10 killer bees
  7 howler monkeys
  8 electric eels
  3 centaur zombies
  8 hounds
  8 orc priests
  2 bullfrog skeletons
  3 jellies
  A gnoll shaman (D:5)
  Natasha (thrice) (D:2)
  An iguana (D:6)
  14 orc wizards
  2 lightning spires (Gauntlet)
  A killer bee zombie (D:5)
  3 ogre zombies (D:12)
  2 howler monkey zombies
  11 gnolls
  10 adders
  2 shadow imps (D:10)
  A white imp (D:5)
  An ufetubus (D:7)
  A worm (D:2)
  6 dart slugs
  34 orcs
  7 endoplasms
  3 giant cockroaches
  4 goblins
  4 hobgoblins
  5 jackals
  3 quokkas
  10 ball pythons
  7 bats
  2 goblin skeletons (D:12)
  2 goblin zombies (D:12)
  2 hobgoblin skeletons (D:12)
  4 hobgoblin zombies (D:12)
  43 kobolds
  10 kobold skeletons (D:10)
  8 kobold zombies (D:10)
  An orc skeleton (D:12)
  7 orc zombies (D:12)
  6 rats
575 creatures vanquished.

Vanquished Creatures (others)
  A basilisk (Lair:5)
  A wolf (Lair:5)
  13 jellies
  An orc (Orc:1)
  20 fungi
  38 plants
74 creatures vanquished.

Grand Total: 649 creatures vanquished

Notes
Turn   | Place    | Note
-------+----------+-------------------------------------------
     0 | D:1      | leviel the Minotaur Fighter began the quest for the Orb.
     0 | D:1      | Reached XP level 1. HP: 19/19 MP: 0/0
   151 | D:1      | Reached XP level 2. HP: 27/27 MP: 1/1
   601 | D:1      | Reached XP level 3. HP: 33/33 MP: 2/2
  1300 | D:2      | Reached XP level 4. HP: 40/40 MP: 3/3
  1304 | D:2      | Noticed Natasha
  1312 | D:2      | Killed Natasha
  1503 | D:2      | Noticed Natasha
  1513 | D:2      | Killed Natasha
  1741 | D:2      | Noticed Natasha
  1748 | D:2      | Killed Natasha
  1749 | D:2      | Reached XP level 5. HP: 38/46 MP: 4/4
  1855 | D:2      | Found a faded altar of an unknown god.
  2048 | D:3      | Reached skill level 5 in Axes
  2256 | D:3      | Noticed an ogre
  2263 | D:3      | Killed an ogre
  2264 | D:3      | Reached XP level 6. HP: 20/52 MP: 5/5
  3272 | D:4      | Reached skill level 5 in Armour
  3537 | D:4      | Reached XP level 7. HP: 60/60 MP: 6/6
  3562 | D:4      | Found a glowing silver altar of Zin.
  3687 | D:5      | Entered Level 5 of the Dungeon
  3744 | D:5      | Found a staircase to the Ecumenical Temple.
  3815 | Temple   | Entered the Ecumenical Temple
  4077 | D:5      | Found a shimmering blue altar of Sif Muna.
  4117 | D:5      | Reached skill level 1 in Dodging
  4117 | D:5      | Reached skill level 5 in Shields
  4342 | D:5      | Noticed Eustachio
  4362 | D:5      | Killed Eustachio
  4668 | D:5      | Reached XP level 8. HP: 27/67 MP: 7/7
  4678 | D:5      | Reached skill level 5 in Fighting
  5150 | D:6      | Identified the +4 dagger "Jaditiud" {pain, rPois rF+ MP-9}
  5635 | D:6      | Reached skill level 10 in Axes
  6096 | D:6      | Found a white marble altar of Elyvilon.
  6686 | D:7      | Found a burning altar of Makhleb.
  6692 | D:7      | Reached XP level 9. HP: 64/75 MP: 8/8
  7139 | D:7      | Identified the +10 rapier of Slow Death {elec, rN+ Int+3}
  7315 | D:7      | Identified the +6 plate armour "Ydebod" {rC+ Slay+4}
  7965 | D:8      | Noticed a troll
  8015 | D:7      | Reached skill level 1 in Short Blades
  8015 | D:7      | Reached skill level 1 in Stealth
  8298 | D:7      | Killed a troll
  8697 | D:8      | Found a blossoming altar of Fedhas.
  8698 | D:8      | Found a broken altar of Ashenzari.
  8698 | D:8      | Found a snail-covered altar of Cheibriados.
  8699 | D:8      | Found a shadowy altar of Dithmenos.
  8732 | D:8      | Found an opulent altar of Gozag.
  8735 | D:8      | Found a basalt altar of Yredelemnul.
  8768 | D:8      | Found Vyaduenke's Book Shop.
  8830 | D:8      | Reached XP level 10. HP: 38/84 MP: 9/9
  9037 | D:8      | Found a staircase to the Lair.
  9474 | D:9      | Reached skill level 5 in Short Blades
  9884 | D:10     | Entered Level 10 of the Dungeon
 10238 | D:10     | Noticed a two-headed ogre
 10242 | D:10     | Killed a two-headed ogre
 10243 | D:10     | Reached skill level 10 in Armour
 10243 | D:10     | Reached XP level 11. HP: 76/94 MP: 10/10
 10386 | D:10     | Reached skill level 10 in Shields
 10418 | D:10     | Identified the +0 kite shield of the Shining Light {+Blink
                  | rPois rF-}
 11154 | D:10     | Found an ancient bone altar of Kikubaaqudgha.
 11310 | D:10     | Found a portal to a secret trove of treasure.
 11537 | D:11     | Noticed a phantasmal warrior
 11538 | D:11     | Noticed a death knight
 11543 | D:11     | Killed a phantasmal warrior
 11550 | D:11     | Killed a death knight
 12064 | D:11     | Noticed a two-headed ogre
 12070 | D:11     | Killed a two-headed ogre
 12149 | D:11     | Reached skill level 10 in Short Blades
 12353 | D:11     | Noticed a two-headed ogre
 12360 | D:11     | Killed a two-headed ogre
 12614 | D:12     | Noticed a two-headed ogre
 12619 | D:12     | Killed a two-headed ogre
 12846 | D:12     | Reached XP level 12. HP: 84/104 MP: 11/11
 12948 | D:12     | Noticed a boulder beetle
 12962 | D:12     | Killed a boulder beetle
 13431 | D:12     | Found a staircase to the Orcish Mines.
 13988 | D:13     | Noticed a rakshasa
 13989 | D:13     | Noticed a two-headed ogre
 14003 | D:13     | Killed a rakshasa
 14008 | D:13     | Killed a two-headed ogre
 14123 | D:13     | Noticed a two-headed ogre
 14142 | D:13     | Killed a two-headed ogre
 14154 | D:13     | Reached skill level 10 in Fighting
 14516 | D:13     | Found a gate to the Vaults.
 14600 | D:13     | Noticed a boulder beetle
 14608 | D:13     | Killed a boulder beetle
 14756 | D:13     | Noticed a death knight
 14781 | D:13     | Killed a death knight
 15325 | D:13     | Noticed a two-headed ogre
 15331 | D:13     | Killed a two-headed ogre
 15716 | Lair:1   | Entered Level 1 of the Lair of Beasts
 16095 | Lair:1   | Reached XP level 13. HP: 114/114 MP: 12/12
 17359 | Lair:2   | Found a gate leading to a gauntlet.
 17368 | Gauntlet | Entered a Gauntlet
 17368 | Gauntlet | Found a transporter.
 17465 | Gauntlet | Found a transporter.
 17474 | Gauntlet | Found a transporter.
 17488 | Gauntlet | Found a transporter.
 17493 | Gauntlet | Found a transporter.
 17510 | Gauntlet | Found a transporter.
 17528 | Gauntlet | Found a transporter.
 17540 | Gauntlet | Found a transporter.
 17548 | Gauntlet | Found a large runed translucent door.
 17549 | Gauntlet | Found a large runed translucent door.
 17550 | Gauntlet | Found a large runed translucent door.
 17550 | Gauntlet | Found a large runed translucent door.
 17551 | Gauntlet | Found a runed translucent gate.
 17552 | Gauntlet | Found a transporter.
 17552 | Gauntlet | Found a runed translucent gate.
 17553 | Gauntlet | Found a runed translucent gate.
 17554 | Gauntlet | Found a large runed translucent door.
 17554 | Gauntlet | Found a large runed translucent door.
 17554 | Gauntlet | Found a runed translucent door.
 17554 | Gauntlet | Found a runed translucent door.
 17555 | Gauntlet | Found a large runed translucent door.
 17556 | Gauntlet | Found a large runed translucent door.
 17558 | Gauntlet | Found a transporter.
 17558 | Gauntlet | Found a transporter.
 17563 | Gauntlet | Found a large runed translucent door.
 17563 | Gauntlet | Found a large runed translucent door.
 17564 | Gauntlet | Found a large runed translucent door.
 17565 | Gauntlet | Found a large runed translucent door.
 17576 | Gauntlet | Found a transporter.
 17583 | Gauntlet | Noticed a cacodemon
 17585 | Gauntlet | Found a transporter.
 17602 | Gauntlet | Found a transporter.
 17620 | Gauntlet | Found a transporter.
 17622 | Gauntlet | Found a transporter.
 17652 | Gauntlet | Found a transporter.
 17726 | Gauntlet | Found a large runed translucent door.
 17726 | Gauntlet | Found a large runed translucent door.
 17727 | Gauntlet | Found a large runed translucent door.
 17728 | Gauntlet | Found a large runed translucent door.
 17817 | Gauntlet | Noticed a fire dragon
 17825 | Gauntlet | a fire dragon changed into an anaconda
 17893 | Gauntlet | Found a transporter.
 18081 | Gauntlet | Identified the ring of Gupper {Wiz rCorr Str+4 Int+4}
 18089 | Gauntlet | Noticed a stone giant
 18090 | Gauntlet | a stone giant changed into an iron troll
 18091 | Gauntlet | Noticed a shadow dragon
 18091 | Gauntlet | an iron troll changed into a shadow dragon
 18092 | Gauntlet | a shadow dragon changed into an iron troll
 18093 | Gauntlet | Noticed a dire elephant
 18098 | Gauntlet | Noticed a fenstrider witch
 18098 | Gauntlet | an iron troll changed into a fenstrider witch
 18104 | Gauntlet | a fenstrider witch changed into an iron troll
 18125 | Gauntlet | Identified the amulet "Orphat" {Faith Harm Will+ Str+2
                  | Int-3}
 18126 | Gauntlet | Noticed a minotaur
 18126 | Gauntlet | Noticed a golden dragon
 18127 | Gauntlet | Noticed a shadow dragon
 18127 | Gauntlet | a golden dragon changed into a shadow dragon
 18132 | Gauntlet | a shadow dragon changed into an alligator snapping turtle
 18181 | Gauntlet | Noticed a minotaur
 18189 | Gauntlet | Killed a minotaur
 18240 | Gauntlet | Identified the +1 leather armour of the Tundras {Int+3}
 18240 | Gauntlet | Identified the Papyrus of the Ghastly Rocks
 18793 | Lair:2   | Found a staircase to the Shoals.
 20434 | Lair:4   | Reached XP level 14. HP: 126/127 MP: 13/13
 20615 | Lair:4   | Found a bloodstained altar of Trog.
 20753 | Lair:4   | Found a staircase to the Snake Pit.
 21278 | Lair:5   | Found a glowing golden altar of the Shining One.
 21395 | Lair:5   | Found a staircase to the Slime Pits.
 21395 | Lair:5   | Found a viscous altar of Jiyva.
 21469 | Lair:5   | Became a worshipper of Jiyva Jithel the Shapeless
 21563 | Lair:5   | Reached * piety under Jiyva
 21912 | Slime:1  | Entered Level 1 of the Pits of Slime
 21982 | Slime:1  | Noticed an acid blob
 22174 | Slime:2  | Noticed an azure jelly
 22310 | Slime:3  | Noticed a quicksilver ooze
 22317 | Slime:3  | Noticed an acid blob
 22349 | Slime:4  | Noticed an acid blob
 22631 | Slime:4  | Noticed a quicksilver ooze
 22755 | Slime:4  | Noticed an acid blob
 22787 | Slime:5  | Entered Level 5 of the Pits of Slime
 22789 | Slime:5  | Noticed a quicksilver ooze
 22819 | Slime:5  | Noticed an acid blob
 22842 | Slime:5  | Noticed an acid blob
 22869 | Slime:5  | Noticed an acid blob
 22872 | Slime:5  | Noticed an acid blob
 22901 | Slime:5  | Found a viscous altar of Jiyva.
 22913 | Slime:5  | Noticed a quicksilver ooze
 22917 | Slime:5  | Noticed an azure jelly
 22937 | Slime:5  | Noticed a rockslime
 22938 | Slime:5  | Noticed an acid blob
 22940 | Slime:5  | Noticed an acid blob
 22968 | Slime:5  | Noticed an azure jelly
 22995 | Slime:5  | Noticed an acid blob
 23026 | Slime:5  | Noticed an acid blob
 23027 | Slime:5  | Noticed an acid blob
 23114 | Slime:5  | Learned a level 9 spell: Shatter
 23741 | Orc:1    | Entered Level 1 of the Orcish Mines
 23778 | Orc:1    | Reached ** piety under Jiyva
 23921 | Orc:2    | Entered Level 2 of the Orcish Mines
 23926 | Orc:2    | Noticed Erolcha
 23943 | Orc:2    | Killed Erolcha
 24009 | Orc:2    | Reached *** piety under Jiyva
 24130 | Orc:2    | Reached skill level 1 in Earth Magic
 24144 | Orc:2    | Gained mutation: Your muscles are strong. (Str +2) [Jiyva's
                  | grace]
 24187 | Orc:2    | Reached skill level 1 in Spellcasting
 24245 | Orc:2    | Found Meerr's Magic Scroll Emporium.
 24276 | Orc:1    | Noticed Nergalle
 24286 | Orc:2    | Paralysed by something for 6 turns
 24289 | Orc:2    | HP: 6/129 [something/bolt of magma (21)]
 24291 | Orc:2    | Mangled by a two-headed ogre

Illustrated notes

Levels and vault maps discovered:
D:1:      moated_graveyard_arrival, layout_basic, minmay_stone_trees_small
D:2:      layout_loops_ring, shapermc_ecumenical_altar_mp_urbaneastern,
          uniq_natasha
D:3:      layout_rooms
D:4:      layout_gridville, lemuel_round_altar, kennysheep_dice
D:5:      layout_loops_ring, nicolae_overflow_hidden_temple,
          minmay_temple_entry_overgrown, kennysheep_nondescript,
          kennysheep_generic_room_2, uniq_eustachio
D:6:      wander_river, layout_loops_corners, elyvilon_altar_5,
          minmay_misc_feat_doors, minmay_hedge_maze
D:7:      layout_loops_corners, hex_tiny, david_defended_altar_orc
D:8:      layout_basic, grunt_temple_overflow_open, erik_lair_island,
          serial_shops, shop, minivault_25, minmay_manual_mess
D:9:      layout_basic, serial_glass, glass_columns_a, glass_columns_a,
          glass_columns_c, glass_columns_a
D:10:     wander_kiku_kobolds, layout_rooms, enter_trove_0
D:11:     layout_grid_maze, grunt_decor_fettered
D:12:     layout_stronghold, zombieorc1_lemuel
D:13:     layout_basic, david_vaults_1
Temple:   nicolae_temple_god_jail
Lair:1:   layout_cellular_growth, serial_bayou_lake_a
Lair:2:   layout_roguey, elwin_shoals_entry_stream, gauntlet_entry_generic
Lair:3:   layout_cave_pods
Lair:4:   beast_lair_carwin_large_2, layout_long_grid,
          guppyfry_snake_entry_garden, basic_altar, serial_bayou_shore_b,
          lemuel_fruit_tree
Lair:5:   layout_roguey, slime_altar_1, basic_altar, serial_bayou_shore_b,
          minmay_lair_oklob_chamber
Slime:1:  layout_caves
Slime:2:  layout_caves
Slime:3:  layout_caves
Slime:4:  nicolae_slime_pool, layout_caves
Slime:5
Orc:1:    layout_caves, serial_shops, shop, shop, shop_statue, uniq_nergalle
Orc:2:    st_orc_open, layout_caves, uniq_erolcha, uniq_azrael, uniq_donald

Skill      XL: |  1  2  3  4  5  6  7  8  9 10 11 12 13 14 |
---------------+-------------------------------------------+-----
Shields        | 4 5 6 8 9 10 12 13 14 | 14.5
Armour         | 4 5 6 8 10 11 12 13 14 | 14.6
Axes           | 3 4 6 7 8 10 | 10.7
Fighting       | 4 5 6 7 9 10 12 13 | 13.3
Dodging        | 1 2 |  2.6
Short Blades   | 4 7 10 12 13 14 | 14.0
Stealth        | 1 |  1.6
Earth Magic    | 2 |  2.1
Spellcasting   | 1 |  1.7

Action                   |  1- 3 |  4- 6 |  7- 9 | 10-12 | 13-15 || total
-------------------------+-------+-------+-------+-------+-------++-------
Melee: War axe           |    80 |   108 |   212 |       |     7 ||   407
       Headbutt          |    10 |    16 |    62 |   114 |   159 ||   361
       Rapier            |       |       |    91 |   508 |   611 ||  1210
Invok: Request Jelly     |       |       |       |       |     3 ||     3
Evoke: Wand              |       |       |       |       |     4 ||     4
  Use: Potion            |       |     1 |     3 |     2 |     2 ||     8
       Scroll            |       |       |       |    28 |     3 ||    31
Armor: Scale mail        |    40 |    35 |    74 |       |       ||   149
       Plate armour      |       |       |   158 |   199 |   184 ||   541
Dodge: Dodged            |    24 |    32 |   114 |    90 |    93 ||   353
Block: Kite shield       |    44 |    52 |   200 |   250 |   386 ||   932

Table legend: (Time is in decaauts)
 A = Elapsed time spent in this place.
 B = Non-inter-level travel time spent in this place.
 C = Inter-level travel time spent in this place.
 D = Time resting spent in this place.
 E = Time spent auto-exploring this place.
 F = Levels seen in this place.
 G = Mean time per level.
                   A        B        C        D        E       F      G
               +--------+--------+--------+--------+--------+-----+--------+
         Total |  24213 |  23214 |    999 |   4445 |  14912 |  27 |  896.8 |
       Dungeon |  15979 |  15350 |    629 |   3707 |   9490 |  13 | 1229.2 |
        Temple |     47 |     35 |     12 |      0 |     34 |   1 |   47.0 |
          Lair |   5520 |   5262 |    258 |    455 |   3842 |   5 | 1104.0 |
    Slime Pits |   1293 |   1194 |     99 |      0 |    949 |   5 |  258.6 |
  Orcish Mines |    478 |    478 |      0 |     27 |    266 |   2 |  239.0 |
      Gauntlet |    893 |    893 |      0 |    256 |    330 |   1 |  893.0 |
               +--------+--------+--------+--------+--------+-----+--------+

Top non-repeatable levels by time:
     D:7: 2241 daAuts
    D:13: 1562 daAuts
  Lair:1: 1542 daAuts
    D:12: 1433 daAuts
     D:5: 1349 daAuts
     D:6: 1288 daAuts
    D:11: 1278 daAuts
  Lair:5: 1190 daAuts
    D:10: 1144 daAuts
     D:4: 1133 daAuts
     D:2: 1108 daAuts
     D:8: 1068 daAuts
  Lair:2: 1009 daAuts
  Lair:3: 983 daAuts
     D:1: 900 daAuts
